[Event "Lidkoping Open 2019"]
[Site "Lidkoping"]
[Date "2019.08.24"]
[Round "4.11"]
[White "Lind, Jan-Olov"]
[Black "Olofsson, Hans-Erik"]
[Result "1-0"]
[ECO "B07"]
[WhiteElo "2164"]
[BlackElo "1898"]
[Annotator "NA"]
[PlyCount "27"]
[EventDate "2019.08.19"]
[EventType "swiss"]
[EventCountry "SWE"]
[SourceTitle "playchess.com"]
[Source "ChessBase"]
[SourceQuality "1"]
[TimeControl "2700+10"]

1. e4 d6 2. d4 Nf6 3. Nc3 c6 4. Nf3 Bg4 5. Be2 Nbd7 6. O-O b5 7. e5 Ng8 8. Ng5 Bf5 9. exd6 exd6 10. d5 b4 11. dxc6 bxc3 12. cxd7+ Bxd7 13. Qd5 Nh6 14. Bc4 1-0

[Event "Lidkoping Open 2019"]
[Site "Lidkoping"]
[Date "2019.08.24"]
[Round "4.12"]
[White "Wiklund, Robert"]
[Black "Mardell, Jonas"]
[Result "1/2-1/2"]
[ECO "B22"]
[WhiteElo "1785"]
[BlackElo "2059"]
[Annotator "NA"]
[PlyCount "122"]
[EventDate "2019.08.19"]
[EventType "swiss"]
[EventCountry "SWE"]
[SourceTitle "playchess.com"]
[Source "ChessBase"]
[SourceQuality "1"]
[TimeControl "2700+10"]

1. e4 c5 2. c3 Nf6 3. e5 Nd5 4. d4 cxd4 5. Bc4 Nb6 6. Bb3 d6 7. Nf3 e6 8. cxd4 dxe5 9. Nxe5 N8d7 10. O-O Nf6 11. Nc3 Be7 12. Be3 O-O 13. Qf3 Nbd5 14. g4 Bd6 15. g5 Nxe3 16. Qxe3 Nd5 17. Nxd5 exd5 18. f4 Re8 19. Qf3 Bxe5 20. dxe5 Be6 21. Rad1 Qb6+ 22. Qf2 Qb4 23. Qd4 Qxd4+ 24. Rxd4 g6 25. Bxd5 Red8 26. Rfd1 Bxd5 27. Rxd5 Rxd5 28. Rxd5 Rc8 29. Rd2 Rc4 30. Rf2 Kf8 31. Kg2 Ke7 32. Kf3 Ke6 33. Rd2 Kf5 34. Rd7 Rxf4+ 35. Ke3 Kxg5 36. Rxb7 Ra4 37. a3 h5 38. Rxf7 Ra5 39. Kd4 Ra4+ 40. Kd5 Rh4 41. Rxa7 Rxh2 42. b4 h4 43. Rh7 Ra2 44. e6 Rxa3 45. e7 Re3 46. b5 h3 47. Kd6 Kf6 48. Rxh3 Re6+ 49. Kc5 Rxe7 50. b6 g5 51. Kc6 g4 52. Rg3 Kf5 53. b7 Re8 54. Kc7 Kf4 55. Rg1 g3 56. b8=Q Rxb8 57. Kxb8 Kf3 58. Kc7 g2 59. Kd6 Kf2 60. Ra1 g1=R 61. Rxg1 Kxg1 1/2-1/2

[Event "Lidkoping Open 2019"]
[Site "Lidkoping"]
[Date "2019.08.24"]
[Round "4.13"]
[White "Carlstrom, Niklas"]
[Black "Johansson, Eva"]
[Result "1-0"]
[ECO "B07"]
[WhiteElo "2095"]
[BlackElo "1869"]
[Annotator "NA"]
[PlyCount "43"]
[EventDate "2019.08.19"]
[EventType "swiss"]
[EventCountry "SWE"]
[SourceTitle "playchess.com"]
[Source "ChessBase"]
[SourceQuality "1"]
[TimeControl "2700+10"]

1. e4 d6 2. d4 Nf6 3. Nc3 g6 4. Bg5 c6 5. Qd2 b5 6. Bd3 Nbd7 7. f4 Nb6 8. e5 dxe5 9. fxe5 Nfd5 10. Ne4 f6 11. Bh6 g5 12. Bxf8 Kxf8 13. h4 Nf4 14. hxg5 fxg5 15. Nxg5 Qxd4 16. N1f3 Nxd3+ 17. cxd3 Qg4 18. O-O-O h5 19. Rh4 Qg3 20. Rdh1 Nd5 21. e6 Nf6 22. Rf4 1-0

[Event "Lidkoping Open 2019"]
[Site "Lidkoping"]
[Date "2019.08.24"]
[Round "4.14"]
[White "Karlsson, Roger"]
[Black "Nordstrom, Felix"]
[Result "1/2-1/2"]
[ECO "B24"]
[WhiteElo "1892"]
[BlackElo "2060"]
[Annotator "NA"]
[PlyCount "53"]
[EventDate "2019.08.19"]
[EventType "swiss"]
[EventCountry "SWE"]
[SourceTitle "playchess.com"]
[Source "ChessBase"]
[SourceQuality "1"]
[TimeControl "2700+10"]

1. e4 c5 2. Nc3 e6 3. g3 d5 4. d3 Nc6 5. Bg2 Nge7 6. f4 dxe4 7. Nxe4 Nf5 8. Nf3 Be7 9. O-O O-O 10. c3 Rb8 11. Qe2 b6 12. g4 Nd6 13. Ne5 Nxe5 14. fxe5 Nxe4 15. Bxe4 Bb7 16. Bf4 Bg5 17. Rad1 Bxf4 18. Rxf4 Qg5 19. Rf2 Bxe4 20. Qxe4 Rbd8 21. Qf4 Qxf4 22. Rxf4 Rd5 23. Re4 Rfd8 24. Re3 b5 25. Kf2 c4 26. d4 a5 27. Rc1 1/2-1/2

[Event "Lidkoping Open 2019"]
[Site "Lidkoping"]
[Date "2019.08.24"]
[Round "4.15"]
[White "Loken, Espen"]
[Black "Kleimark, Anders"]
[Result "0-1"]
[ECO "C22"]
[WhiteElo "1805"]
[BlackElo "2016"]
[Annotator "NA"]
[PlyCount "72"]
[EventDate "2019.08.19"]
[EventType "swiss"]
[EventCountry "SWE"]
[SourceTitle "playchess.com"]
[Source "ChessBase"]
[SourceQuality "1"]
[TimeControl "2700+10"]

1. e4 e5 2. d4 exd4 3. Qxd4 Nc6 4. Qe3 Bb4+ 5. Nc3 Nf6 6. Bd2 O-O 7. O-O-O d6 8. h3 Qe7 9. f3 Be6 10. a3 Bc5 11. Qe1 a6 12. g4 b5 13. g5 Nd7 14. f4 f5 15. Bd3 b4 16. axb4 Nxb4 17. Qg3 Nxd3+ 18. Qxd3 Nb6 19. Nd5 Bxd5 20. exd5 Qe4 21. Qxe4 fxe4 22. b4 Bf2 23. Rh2 e3 24. Be1 Bxg1 25. Rg2 Bf2 26. Bxf2 exf2 27. Rxf2 Rf5 28. Re1 Raf8 29. Re4 Nxd5 30. Rc4 Rxf4 31. Rfxf4 Rxf4 32. Rc6 Rxb4 33. Rxa6 Rc4 34. Ra8+ Kf7 35. Kd2 Nb4 36. c3 Nd5 0-1

[Event "Lidkoping Open 2019"]
[Site "Lidkoping"]
[Date "2019.08.24"]
[Round "4.16"]
[White "Strom-Engdahl, Alexander"]
[Black "Nordstrom, Per-Olov"]
[Result "1-0"]
[ECO "A36"]
[WhiteElo "1858"]
[BlackElo "1899"]
[Annotator "NA"]
[PlyCount "35"]
[EventDate "2019.08.19"]
[EventType "swiss"]
[EventCountry "SWE"]
[SourceTitle "playchess.com"]
[Source "ChessBase"]
[SourceQuality "1"]
[TimeControl "2700+10"]

1. c4 c5 2. g3 Nc6 3. Bg2 e5 4. Nc3 g6 5. d3 Bg7 6. a3 Nge7 7. Rb1 a5 8. e3 O-O 9. Nge2 d6 10. Bd2 Be6 11. Nd5 Rb8 12. Nec3 Qd7 13. b4 b6 14. O-O Bh3 15. b5 Nxd5 16. bxc6 Nxc3 17. cxd7 Nxd1 18. Bxh3 1-0

[Event "Lidkoping Open 2019"]
[Site "Lidkoping"]
[Date "2019.08.24"]
[Round "4.17"]
[White "Muntean, Adrian"]
[Black "Olsson, Bo"]
[Result "0-1"]
[ECO "B03"]
[WhiteElo "1413"]
[BlackElo "1984"]
[Annotator "NA"]
[PlyCount "64"]
[EventDate "2019.08.19"]
[EventType "swiss"]
[EventCountry "SWE"]
[SourceTitle "playchess.com"]
[Source "ChessBase"]
[SourceQuality "1"]
[TimeControl "2700+10"]

1. e4 Nf6 2. e5 Nd5 3. c4 Nb6 4. d4 d6 5. exd6 cxd6 6. a4 g6 7. a5 N6d7 8. Nf3 Bg7 9. Ng5 Nf6 10. Bd3 Nc6 11. O-O O-O 12. f4 Nxd4 13. Bxg6 hxg6 14. Qxd4 Qc7 15. Nc3 Ng4 16. Qd3 Qc5+ 17. Kh1 Nf2+ 18. Rxf2 Qxf2 19. Be3 Bf5 20. Qd1 Qxe3 21. Nd5 Qd4 22. Qe1 Bf6 23. Nxe7+ Bxe7 24. Qxe7 Qxf4 25. Nf3 Be4 26. Rf1 Rae8 27. Qd7 Bxf3 28. gxf3 Re3 29. h3 Rxf3 30. Rg1 Rf2 31. Rxg6+ fxg6 32. Qe6+ Kg7 0-1

[Event "Lidkoping Open 2019"]
[Site "Lidkoping"]
[Date "2019.08.24"]
[Round "4.19"]
[White "Nordlund, Keith"]
[Black "Isacsson, Jorgen"]
[Result "1/2-1/2"]
[ECO "B08"]
[WhiteElo "2013"]
[BlackElo "1731"]
[Annotator "NA"]
[PlyCount "42"]
[EventDate "2019.08.19"]
[EventType "swiss"]
[EventCountry "SWE"]
[SourceTitle "playchess.com"]
[Source "ChessBase"]
[SourceQuality "1"]
[TimeControl "2700+10"]

1. e4 d6 2. d4 g6 3. Nc3 Bg7 4. Be3 Nf6 5. h3 c6 6. Qd2 O-O 7. Bh6 e5 8. Bxg7 Kxg7 9. Nf3 Nbd7 10. O-O-O Re8 11. dxe5 dxe5 12. Nh2 Qa5 13. Ng4 Rh8 14. Qh6+ Kg8 15. Be2 Nxg4 16. hxg4 Nf8 17. Rh3 Be6 18. Kb1 Rd8 19. Rxd8 Qxd8 20. Rd3 Qe7 21. b3 Nd7 1/2-1/2

[Event "Lidkoping Open 2019"]
[Site "Lidkoping"]
[Date "2019.08.24"]
[Round "4.20"]
[White "Bratic, Asim"]
[Black "Svedberg, Hans"]
[Result "0-1"]
[ECO "B07"]
[WhiteElo "1825"]
[BlackElo "2008"]
[Annotator "NA"]
[PlyCount "110"]
[EventDate "2019.08.19"]
[EventType "swiss"]
[EventCountry "SWE"]
[SourceTitle "playchess.com"]
[Source "ChessBase"]
[SourceQuality "1"]
[TimeControl "2700+10"]

1. e4 d6 2. Bc4 Nf6 3. d3 c6 4. h3 e5 5. Bb3 Be7 6. Ne2 Na6 7. O-O Nc5 8. Be3 Nxb3 9. axb3 b6 10. f4 Qc7 11. fxe5 dxe5 12. Qe1 h6 13. Qf2 Rb8 14. Nd2 Be6 15. Nc4 Nd7 16. Ng3 g6 17. Ra2 Kf8 18. Rfa1 Rb7 19. Nf1 h5 20. Nh2 Kg7 21. Nf3 f6 22. Nh4 Kh7 23. Kh1 Rf8 24. c3 Nc5 25. Bxc5 Bxc5 26. Qg3 g5 27. Nf5 Bxf5 28. exf5 a5 29. Qf3 Kh6 30. Nd2 Rd8 31. Ne4 Qe7 32. Rd1 h4 33. Ra4 Bd6 34. Rc4 Rc7 35. Ra4 Rcd7 36. g3 hxg3 37. Nxg3 Qf7 38. c4 Bc5 39. Ne2 Rd6 40. Raa1 Qd7 41. Ng3 Qe8 42. Ne4 Rd4 43. Nxf6 Rf4 44. Qxf4 gxf4 45. Nxe8 Rxe8 46. Re1 Kg5 47. Re4 Bd4 48. Rae1 c5 49. f6 Rf8 50. R1e2 Rxf6 51. Rg2+ Kf5 52. h4 Rh6 53. Rg5+ Kf6 54. Rg4 f3 55. Rxd4 cxd4 0-1

[Event "Lidkoping Open 2019"]
[Site "Lidkoping"]
[Date "2019.08.24"]
[Round "4.21"]
[White "Bermann, Martin"]
[Black "Andersson, Christian"]
[Result "1-0"]
[ECO "B08"]
[WhiteElo "1889"]
[BlackElo "1794"]
[Annotator "NA"]
[PlyCount "81"]
[EventDate "2019.08.19"]
[EventType "swiss"]
[EventCountry "SWE"]
[SourceTitle "playchess.com"]
[Source "ChessBase"]
[SourceQuality "1"]
[TimeControl "2700+10"]

1. e4 d6 2. d4 Nf6 3. Nc3 g6 4. h3 Bg7 5. Nf3 O-O 6. Be2 c6 7. a4 Nbd7 8. O-O Qc7 9. Be3 e5 10. dxe5 dxe5 11. Qd2 b6 12. Rfd1 Bb7 13. Qd6 Qxd6 14. Rxd6 Rfe8 15. Rad1 Nc5 16. Bxc5 bxc5 17. Bc4 h6 18. Rd7 Nxd7 19. Rxd7 Bc8 20. Bxf7+ Kf8 21. Bxe8 Bxd7 22. Bxd7 Rb8 23. b3 c4 24. Be6 cxb3 25. cxb3 Ke7 26. Bc4 Rd8 27. Kf1 Kd6 28. Nh4 Kc5 29. Nf3 Kb4 30. Ne2 Rd1+ 31. Ne1 Bf8 32. Ng1 Kc3 33. Ngf3 Bd6 34. g3 Ra1 35. Kg2 Ra2 36. Nd3 Rxa4 37. bxa4 Kxc4 38. Ndxe5+ Kb3 39. Nxc6 a6 40. a5 Ka4 41. e5 1-0

[Event "Lidkoping Open 2019"]
[Site "Lidkoping"]
[Date "2019.08.24"]
[Round "4.22"]
[White "Gedda, Peder"]
[Black "Nyberg, Arne"]
[Result "1/2-1/2"]
[ECO "C00"]
[WhiteElo "1786"]
[BlackElo "1967"]
[Annotator "NA"]
[PlyCount "107"]
[EventDate "2019.08.19"]
[EventType "swiss"]
[EventCountry "SWE"]
[SourceTitle "playchess.com"]
[Source "ChessBase"]
[SourceQuality "1"]
[TimeControl "2700+10"]

1. e4 e6 2. a3 d5 3. Nc3 d4 4. Nce2 c5 5. d3 e5 6. Nf3 Nc6 7. h3 Nf6 8. g3 h6 9. Bg2 Bd6 10. O-O O-O 11. g4 Nh7 12. Ng3 Be6 13. Nf5 Bxf5 14. gxf5 b5 15. Nh2 Rc8 16. Kh1 c4 17. Qg4 Nf6 18. Qh4 Kh7 19. Bf3 Be7 20. Rg1 Ng8 21. Qg3 Bf6 22. Be2 c3 23. bxc3 dxc3 24. Be3 Nd4 25. Bd1 Rc6 26. Ng4 Re8 27. Bxd4 exd4 28. f4 Bh4 29. Qg2 g6 30. Ne5 Rxe5 31. fxe5 Bg5 32. e6 fxe6 33. fxg6+ Kg7 34. e5 Rc5 35. Bg4 Rxe5 36. Rae1 Be3 37. Rgf1 Nf6 38. Re2 Qd5 39. Bf3 Qc5 40. h4 Rf5 41. Be4 Rxf1+ 42. Qxf1 Qh5 43. Rh2 e5 44. Bf3 Qf5 45. Qe2 Bf4 46. h5 Bxh2 47. Kxh2 Qf4+ 48. Kh3 Qf5+ 49. Kg2 Qg5+ 50. Kf2 Qh4+ 51. Kf1 Qh3+ 52. Kg1 Qg3+ 53. Kf1 Qh3+ 54. Kg1 1/2-1/2

[Event "Lidkoping Open 2019"]
[Site "Lidkoping"]
[Date "2019.08.24"]
[Round "4.23"]
[White "Olsson, Stefan"]
[Black "Mathisen, Runar"]
[Result "0-1"]
[ECO "B25"]
[WhiteElo "1860"]
[BlackElo "1868"]
[Annotator "NA"]
[PlyCount "142"]
[EventDate "2019.08.19"]
[EventType "swiss"]
[EventCountry "SWE"]
[SourceTitle "playchess.com"]
[Source "ChessBase"]
[SourceQuality "1"]
[TimeControl "2700+10"]

1. e4 c5 2. Nc3 Nc6 3. g3 g6 4. Bg2 Bg7 5. d3 d6 6. Be3 e6 7. Qd2 Rb8 8. f4 Nge7 9. Nf3 Nd4 10. O-O b5 11. Nd1 d5 12. e5 Nxf3+ 13. Bxf3 d4 14. Bf2 Bb7 15. Be4 O-O 16. Qe2 Qc7 17. g4 Bxe4 18. dxe4 Rfd8 19. Bh4 c4 20. Bf6 d3 21. cxd3 Qc5+ 22. Kh1 cxd3 23. Qe1 d2 24. Qh4 Rd7 25. f5 Qd4 26. Nc3 b4 27. Bxg7 Kxg7 28. f6+ Kf8 29. fxe7+ Rxe7 30. Qf6 Reb7 31. Qh8+ Ke7 32. Qf6+ Ke8 33. Qh8+ Ke7 34. Qg7 Rf8 35. Qf6+ Ke8 36. Nd1 Qxe4+ 37. Qf3 Qxf3+ 38. Rxf3 Rc7 39. Rf1 Ke7 40. Ne3 Rd8 41. b3 Rc3 42. Nc4 Rd4 43. Rfd1 h5 44. gxh5 gxh5 45. Rxd2 Rcxc4 46. Rxd4 Rxd4 47. Rc1 Kd7 48. Rc2 Rd5 49. Re2 Ke7 50. Kg2 f6 51. exf6+ Kxf6 52. Kg3 Rd4 53. Kf3 Kf5 54. Kg3 e5 55. Kf3 Rd3+ 56. Kf2 Kf4 57. Rc2 Rc3 58. Rd2 e4 59. Rd7 Rc2+ 60. Ke1 Rxa2 61. Rf7+ Ke3 62. Kd1 a5 63. h4 a4 64. bxa4 Rxa4 65. Rf5 b3 66. Kc1 Kd3 67. Rxh5 e3 68. Rd5+ Rd4 69. Re5 Rxh4 70. Kb2 e2 71. Kxb3 Kd2 0-1

[Event "Lidkoping Open 2019"]
[Site "Lidkoping"]
[Date "2019.08.25"]
[Round "5.2"]
[White "Ernst, Thomas"]
[Black "Ask, Josef"]
[Result "1-0"]
[ECO "B15"]
[WhiteElo "2329"]
[BlackElo "2136"]
[Annotator "ChessBase"]
[PlyCount "89"]
[EventDate "2019.08.19"]
[EventType "swiss"]
[EventCountry "SWE"]
[SourceTitle "playchess.com"]
[Source "ChessBase"]
[SourceQuality "1"]
[TimeControl "2700+10"]

1. e4 c6 2. d4 d5 3. Nd2 dxe4 4. Nxe4 Nf6 5. Nxf6+ exf6 6. c3 Bd6 7. Bd3 O-O 8. Qc2 Re8+ 9. Ne2 f5 10. Bxf5 Bxf5 11. Qxf5 Nd7 12. Qf3 Qc7 13. g3 Re6 14. O-O Rae8 15. Nf4 Re4 16. Bd2 Qa5 17. Nd3 Qd5 18. Qd1 Qf5 19. Re1 Nf6 20. Rxe4 Qxe4 21. Bf4 Bf8 22. Bg5 Re6 23. Nf4 Rd6 24. Qd3 Qe8 25. Bxf6 Rxf6 26. Qe3 Qd7 27. Re1 Qg4 28. Qe4 h5 29. Nd3 Qh3 30. Re3 Bd6 31. Ne5 Re6 32. Qf3 Rf6 33. Qe2 Qf5 34. Kg2 h4 35. g4 Qb1 36. a3 Qa2 37. Nf3 Qd5 38. c4 h3+ 39. Kxh3 Rh6+ 40. Kg2 Qa5 41. Re8+ Kh7 42. c5 Bc7 43. Ng5+ Kg6 44. h4 Rxh4 45. Qe4+ 1-0

[Event "Lidkoping Open 2019"]
[Site "Lidkoping"]
[Date "2019.08.25"]
[Round "5.3"]
[White "Mattsson, Michael"]
[Black "Svensson, Bengt"]
[Result "1/2-1/2"]
[ECO "B53"]
[WhiteElo "2011"]
[BlackElo "2310"]
[Annotator "ChessBase"]
[PlyCount "38"]
[EventDate "2019.08.19"]
[EventType "swiss"]
[EventCountry "SWE"]
[SourceTitle "playchess.com"]
[Source "ChessBase"]
[SourceQuality "1"]
[TimeControl "2700+10"]

1. e4 c5 2. Nf3 d6 3. d4 cxd4 4. Qxd4 Bd7 5. c4 Nc6 6. Qd2 g6 7. Nc3 Bh6 8. Qc2 Bg7 9. Be2 Bg4 10. O-O Nf6 11. Rd1 Nd7 12. Be3 O-O 13. Nd4 Nxd4 14. Bxd4 Bxe2 15. Qxe2 Rc8 16. Nd5 Rc6 17. Nb4 Rc8 18. Nd5 Rc6 19. Nb4 Rc8 1/2-1/2

[Event "Lidkoping Open 2019"]
[Site "Lidkoping"]
[Date "2019.08.25"]
[Round "5.4"]
[White "Bellon Lopez, Juan Manuel"]
[Black "Lind, Jan-Olov"]
[Result "1-0"]
[ECO "E71"]
[WhiteElo "2335"]
[BlackElo "2164"]
[Annotator "ChessBase"]
[PlyCount "95"]
[EventDate "2019.08.19"]
[EventType "swiss"]
[EventCountry "SWE"]
[SourceTitle "playchess.com"]
[Source "ChessBase"]
[SourceQuality "1"]
[TimeControl "2700+10"]

1. d4 g6 2. e4 Bg7 3. c4 d6 4. Nc3 Nf6 5. Bg5 h6 6. Be3 O-O 7. h3 e5 8. d5 a5 9. Qd2 Kh7 10. Bd3 Na6 11. Nge2 Qe8 12. g4 Nc5 13. Bc2 c6 14. f3 cxd5 15. cxd5 b5 16. a4 Nxa4 17. Nxb5 Qxb5 18. Bxa4 Qb4 19. Qxb4 axb4 20. Kd2 Bd7 21. Bxd7 Nxd7 22. Rhc1 Rxa1 23. Rxa1 f5 24. Ra7 Nf6 25. Kd3 fxe4+ 26. fxe4 Kg8 27. Rb7 h5 28. g5 Nh7 29. Rxb4 Rf3 30. Rb8+ Bf8 31. h4 Rh3 32. b4 Rxh4 33. b5 Rh1 34. Ng1 Rh2 35. Bd2 Rg2 36. Nf3 Rg3 37. Ke2 Rg4 38. Ke3 Nxg5 39. Nxg5 Rxg5 40. Kf3 Rg1 41. Bh6 h4 42. Bxf8 h3 43. Bxd6+ Kf7 44. Bxe5 g5 45. Rh8 g4+ 46. Kf2 Rb1 47. Rh4 Rxb5 48. Rxg4 1-0

[Event "Lidkoping Open 2019"]
[Site "Lidkoping"]
[Date "2019.08.25"]
[Round "5.5"]
[White "Andersson, Fredrik"]
[Black "Carlstrom, Niklas"]
[Result "1/2-1/2"]
[ECO "C41"]
[WhiteElo "2264"]
[BlackElo "2095"]
[Annotator "ChessBase"]
[PlyCount "57"]
[EventDate "2019.08.19"]
[EventType "swiss"]
[EventCountry "SWE"]
[SourceTitle "playchess.com"]
[Source "ChessBase"]
[SourceQuality "1"]
[TimeControl "2700+10"]

1. e4 d6 2. d4 Nf6 3. Nc3 e5 4. Nf3 exd4 5. Qxd4 Be7 6. Bf4 O-O 7. O-O-O Nc6 8. Qd2 a6 9. Bd3 Nb4 10. Nd5 Nfxd5 11. exd5 Nxd3+ 12. Qxd3 Bg4 13. h4 Qd7 14. Rde1 Rfe8 15. Ng5 Bxg5 16. Bxg5 Rxe1+ 17. Rxe1 Re8 18. Re3 h6 19. Bf4 Bf5 20. Qc4 Rxe3 21. Bxe3 Qe7 22. g3 Qe4 23. Qxe4 Bxe4 24. c4 b5 25. c5 dxc5 26. Bxc5 Bxd5 27. a3 a5 28. Kd2 h5 29. Ke3 1/2-1/2

[Event "Lidkoping Open 2019"]
[Site "Lidkoping"]
[Date "2019.08.25"]
[Round "5.6"]
[White "Olsson, Bo"]
[Black "Nygren, Kim"]
[Result "0-1"]
[ECO "A25"]
[WhiteElo "1984"]
[BlackElo "2171"]
[Annotator "ChessBase"]
[PlyCount "66"]
[EventDate "2019.08.19"]
[EventType "swiss"]
[EventCountry "SWE"]
[SourceTitle "playchess.com"]
[Source "ChessBase"]
[SourceQuality "1"]
[TimeControl "2700+10"]

1. Nf3 d6 2. g3 e5 3. Bg2 f5 4. d3 Nf6 5. c4 Nc6 6. O-O Be7 7. Nc3 O-O 8. Bg5 h6 9. Bxf6 Bxf6 10. Nd5 Be6 11. Qc2 g5 12. Nxf6+ Qxf6 13. e3 g4 14. Nh4 f4 15. Bxc6 bxc6 16. e4 Rf7 17. Qa4 Raf8 18. Qxa7 Rg7 19. Qb7 Rg5 20. Qxc7 Rh5 21. Nf5 Bxf5 22. exf5 Rxf5 23. Qxc6 fxg3 24. Qg2 gxf2+ 25. Kh1 h5 26. a4 Rg5 27. a5 g3 28. h3 Rg4 29. Qd5+ Kh7 30. Kg2 Rd4 31. Qb7+ Rf7 32. Qa8 d5 33. a6 Qf3# 0-1

[Event "Lidkoping Open 2019"]
[Site "Lidkoping"]
[Date "2019.08.25"]
[Round "5.7"]
[White "Ronneland, Daniel"]
[Black "Blomstrom, Lars"]
[Result "1-0"]
[ECO "B12"]
[WhiteElo "2137"]
[BlackElo "2132"]
[Annotator "ChessBase"]
[PlyCount "85"]
[EventDate "2019.08.19"]
[EventType "swiss"]
[EventCountry "SWE"]
[SourceTitle "playchess.com"]
[Source "ChessBase"]
[SourceQuality "1"]
[TimeControl "2700+10"]

1. e4 c6 2. d4 d5 3. e5 c5 4. Be3 Nc6 5. Nf3 Bg4 6. dxc5 e6 7. c3 Nge7 8. Nbd2 Nf5 9. Bd4 Be7 10. Bd3 O-O 11. h3 Bxf3 12. Nxf3 b6 13. cxb6 Nfxd4 14. cxd4 Qxb6 15. O-O g6 16. Qa4 f6 17. Rac1 Rac8 18. Bb5 Nb8 19. Bd7 Rxc1 20. Rxc1 fxe5 21. Nxe5 Bf6 22. Rc8 Bxe5 23. Rxf8+ Kxf8 24. dxe5 Nxd7 25. Qxd7 d4 26. Qd6+ Qxd6 27. exd6 Ke8 28. f4 Kd7 29. Kf2 Kxd6 30. Ke2 e5 31. fxe5+ Kxe5 32. Kd3 Kf4 33. b4 Kg3 34. a4 Kxg2 35. b5 Kxh3 36. a5 g5 37. b6 axb6 38. axb6 g4 39. b7 h5 40. b8=Q g3 41. Ke2 d3+ 42. Kf3 h4 43. Qb2 1-0

[Event "Lidkoping Open 2019"]
[Site "Lidkoping"]
[Date "2019.08.25"]
[Round "5.8"]
[White "Kleimark, Anders"]
[Black "Nordlund, Jim"]
[Result "0-1"]
[ECO "A46"]
[WhiteElo "2016"]
[BlackElo "2130"]
[Annotator "ChessBase"]
[PlyCount "110"]
[EventDate "2019.08.19"]
[EventType "swiss"]
[EventCountry "SWE"]
[SourceTitle "playchess.com"]
[Source "ChessBase"]
[SourceQuality "1"]
[TimeControl "2700+10"]

1. d4 d6 2. Nf3 Nf6 3. Bg5 Nbd7 4. e3 h6 5. Bh4 g5 6. Bg3 Ne4 7. Bd3 Ndf6 8. Nbd2 Bf5 9. Nxe4 Nxe4 10. c3 c6 11. Qc2 d5 12. Nd2 Nxg3 13. fxg3 Be6 14. Nb3 b6 15. Ba6 Qd6 16. a4 Bg7 17. O-O O-O 18. c4 dxc4 19. Bxc4 Rac8 20. a5 Rc7 21. axb6 axb6 22. Ra6 Rb8 23. Rfa1 Bxc4 24. Qxc4 Qd5 25. Qxd5 cxd5 26. Ra7 Rbc8 27. Rxc7 Rxc7 28. Ra8+ Kh7 29. Rd8 e6 30. Rd6 Rc2 31. Rxb6 Rxb2 32. Rb7 Kg6 33. Nc5 Re2 34. Rb3 Rxe3 35. Rxe3 Bxd4 36. Kf1 Bxe3 37. Nd3 Bd4 38. Ke2 h5 39. h3 Kf5 40. Nb4 Bc5 41. Nd3 Bd6 42. Kf3 e5 43. g4+ hxg4+ 44. hxg4+ Ke6 45. Nf2 e4+ 46. Ke2 Bf4 47. Nh3 f6 48. Nf2 Ke5 49. Nd1 d4 50. Nb2 d3+ 51. Kf2 Kd4 52. Na4 e3+ 53. Kf3 e2 54. Kf2 Bg3+ 55. Kxg3 e1=Q+ 0-1

[Event "Lidkoping Open 2019"]
[Site "Lidkoping"]
[Date "2019.08.25"]
[Round "5.9"]
[White "Friberg, Hans"]
[Black "Strom-Engdahl, Alexander"]
[Result "1/2-1/2"]
[ECO "D51"]
[WhiteElo "2129"]
[BlackElo "1858"]
[Annotator "ChessBase"]
[PlyCount "47"]
[EventDate "2019.08.19"]
[EventType "swiss"]
[EventCountry "SWE"]
[SourceTitle "playchess.com"]
[Source "ChessBase"]
[SourceQuality "1"]
[TimeControl "2700+10"]

1. Nf3 Nf6 2. c4 e6 3. Nc3 d5 4. d4 Bb4 5. Qb3 Bxc3+ 6. bxc3 O-O 7. cxd5 exd5 8. Bg5 c6 9. e3 Nbd7 10. Ne5 Qb6 11. Qxb6 axb6 12. Nxd7 Bxd7 13. Bxf6 gxf6 14. c4 dxc4 15. Bxc4 Be6 16. Bxe6 fxe6 17. Kd2 Ra5 18. Rhb1 b5 19. a3 Rfa8 20. Rb3 Kf7 21. Kc2 Ke7 22. Kb2 Kd6 23. Rc1 b4 24. Rxb4 {[%emt 0:16:42] Ke5 Rb3+} 1/2-1/2

[Event "Lidkoping Open 2019"]
[Site "Lidkoping"]
[Date "2019.08.25"]
[Round "5.11"]
[White "Mardell, Jonas"]
[Black "Bermann, Martin"]
[Result "1-0"]
[ECO "C01"]
[WhiteElo "2059"]
[BlackElo "1889"]
[Annotator "NA"]
[PlyCount "111"]
[EventDate "2019.08.19"]
[EventType "swiss"]
[EventCountry "SWE"]
[SourceTitle "playchess.com"]
[Source "ChessBase"]
[SourceQuality "1"]
[TimeControl "2700+10"]

1. e4 e6 2. d4 d5 3. exd5 exd5 4. Bd3 Bd6 5. Qf3 Ne7 6. Ne2 Nbc6 7. c3 Be6 8. Bf4 Ng6 9. Bxd6 Qxd6 10. h4 O-O-O 11. h5 Nge7 12. h6 g6 13. Nd2 Qd7 14. O-O-O Bf5 15. Rde1 Bxd3 16. Qxd3 Rhe8 17. Qh3 Nb8 18. Nf3 Qxh3 19. Rxh3 f6 20. Nf4 g5 21. Ne6 g4 22. Nxd8 gxh3 23. Ne6 Nf5 24. gxh3 Nxh6 25. Kd2 b6 26. Nf4 Rxe1 27. Nxe1 c6 28. Nh5 Nd7 29. Ke3 Kc7 30. Kf4 Kd6 31. Ng2 Ke6 32. Ne3 Nf8 33. Ng4 Ng6+ 34. Kf3 Nxg4 35. Kxg4 Ne7 36. Nf4+ Kf7 37. Kh5 Ng6 38. Nxg6 hxg6+ 39. Kh6 g5 40. a4 a6 41. b4 a5 42. bxa5 bxa5 43. f3 Ke6 44. Kg6 Ke7 45. Kf5 Kf7 46. f4 gxf4 47. Kxf4 Kg6 48. Kg4 f5+ 49. Kf4 Kf6 50. h4 Kg6 51. h5+ Kxh5 52. Kxf5 Kh6 53. Ke6 Kg6 54. Kd6 Kf6 55. Kxc6 Ke6 56. Kc5 1-0

[Event "Lidkoping Open 2019"]
[Site "Lidkoping"]
[Date "2019.08.25"]
[Round "5.12"]
[White "Bergre, Joachim"]
[Black "Karlsson, Roger"]
[Result "1/2-1/2"]
[ECO "A04"]
[WhiteElo "1928"]
[BlackElo "1892"]
[Annotator "NA"]
[PlyCount "50"]
[EventDate "2019.08.19"]
[EventType "swiss"]
[EventCountry "SWE"]
[SourceTitle "playchess.com"]
[Source "ChessBase"]
[SourceQuality "1"]
[TimeControl "2700+10"]

1. Nf3 g6 2. g3 c5 3. Bg2 Bg7 4. d4 cxd4 5. Nxd4 Nc6 6. c3 Qb6 7. Nb3 d6 8. N1d2 Nf6 9. O-O O-O 10. Nc4 Qc7 11. Ne3 Be6 12. Nd4 Nxd4 13. Qxd4 Qd7 14. Qb4 Rab8 15. Re1 Rfc8 16. Bd2 Bh3 17. Bh1 h5 18. Rad1 b5 19. Nd5 Be6 20. Bg5 Rc4 21. Qb3 Nxd5 22. Bxd5 Bxd5 23. Rxd5 e6 24. Rd3 Qc6 25. Qd1 d5 1/2-1/2

[Event "Lidkoping Open 2019"]
[Site "Lidkoping"]
[Date "2019.08.25"]
[Round "5.13"]
[White "Nordstrom, Felix"]
[Black "Mathisen, Runar"]
[Result "1-0"]
[ECO "B39"]
[WhiteElo "2060"]
[BlackElo "1868"]
[Annotator "NA"]
[PlyCount "59"]
[EventDate "2019.08.19"]
[EventType "swiss"]
[EventCountry "SWE"]
[SourceTitle "playchess.com"]
[Source "ChessBase"]
[SourceQuality "1"]
[TimeControl "2700+10"]

1. e4 c5 2. Nf3 Nc6 3. d4 cxd4 4. Nxd4 g6 5. c4 Bg7 6. Be3 Nf6 7. Nc3 Ng4 8. Qxg4 Nxd4 9. Qd1 e5 10. Bd3 O-O 11. O-O a6 12. Ne2 Ne6 13. Qd2 f5 14. exf5 gxf5 15. f3 d5 16. cxd5 Qxd5 17. Qc2 e4 18. fxe4 Qe5 19. Bf2 f4 20. Bc4 Kh8 21. Bxe6 Qxe6 22. Bd4 Bxd4+ 23. Nxd4 Qb6 24. Qf2 Bg4 25. Rac1 Rad8 26. Nb3 Qg6 27. Rfe1 Rd7 28. e5 Re7 29. Nd4 Rg8 30. Kh1 1-0